Map: 벨시르 잔재 (공허)

Players

Impact - Winner!

  • Race: Zerg Zerg
  • Spawn Location: 5:00

Bunny

  • Race: Terran Terran
  • Spawn Location: 11:00

Event: IEM XI Katowice - World Championship 2017

VOD

Have the link to the VOD?

Description

Time

  • Played on: Feb. 28, 2017, 5:03 a.m.
  • Length: 13:49

All games in this series

Show
View Real Time Build Order
Export as new Build Order

Impact Zerg - Winner!

Build Orders: Hatch First 

Get SALT Encoding   

  12  0:00  Drone  
  13  0:14  Overlord  
  13  0:17  Drone  
  14  0:33  Drone x2  
  16  0:36  Drone  
  17  0:51  Hatchery  
  17  0:55  Drone  
  17  0:58  Drone  
  18  1:05  Extractor  
  17  1:13  Spawning Pool  
  17  1:16  Drone  
  17  1:19  Drone  
  18  1:30  Drone  
  19  1:41  Overlord  
  19  1:59  Zergling x2  
  19  2:01  Queen  
  20  2:02  Zergling x2  
  20  2:03  Queen  
  20  2:05  Metabolic Boost  
  20  2:06  Zergling x2  
  26  2:13  Drone  
  26  2:14  Drone  
  28  2:26  Drone  
  28  2:29  Drone  
  30  2:39  Queen  
  30  2:40  Drone  
  30  2:42  Pneumatized Carapace  
  33  2:46  Overlord  
  33  2:48  Drone  
  33  2:50  Overlord  
  34  2:56  Drone  
  35  2:59  Drone  
  36  3:06  Drone  
  36  3:09  Drone x3  
  36  3:10  Drone  
  41  3:13  Drone x2  
  41  3:15  Drone  
  41  3:19  Drone  
  45  3:31  Hatchery  
  44  3:36  Roach Warren  
  43  3:45  Drone x5  
  48  3:49  Zergling x6  
  48  3:51  Zergling x2  
  48  3:54  Extractor x2  
  50  3:57  Drone x2  
  50  4:02  Overlord  
  52  4:03  Overlord  
  52  4:07  Overlord  
  52  4:13  Lair  
  52  4:28  Roach x7  
  66  4:31  Drone  
  66  4:36  Roach  
  69  4:44  Drone x2  
  69  4:45  Roach x3  
  75  4:51  Roach  
  74  4:54  Evolution Chamber  
  74  4:55  Drone  
  74  4:57  Roach x2  
  78  5:02  Drone x2  
  78  5:06  Spore Crawler  
  78  5:07  Spore Crawler  
  77  5:14  Overseer  
  77  5:28  Overlord  
  77  5:29  Overlord  
  74  5:42  Zergling x8  
  78  5:43  Zergling x8  
  78  5:47  Zergling x12  
  78  5:49  Overseer  
  88  5:53  Zergling x2  
  88  5:56  Zergling x4  
  90  5:57  Ravager  
  90  5:58  Queen  
  90  6:00  Queen  
  90  6:03  Zergling x6  
  97  6:08  Ravager  
  97  6:09  Overlord  
  98  6:12  Overlord  
  97  6:26  Glial Reconstitution  
  97  6:31  Ravager  
  97  6:32  Roach x5, Ravager x2  
  112  6:33  Roach  
  112  6:37  Roach  
  112  6:43  Overlord  
  110  6:55  Roach  
  103  7:02  Queen, Roach x6  
  103  7:07  Drone  
  112  7:10  Drone  
  101  7:18  Drone x2  
  101  7:21  Drone x2  
  101  7:22  Queen x2, Drone  
  87  7:30  Extractor, Drone  
  87  7:32  Drone  
  88  7:41  Queen  
  88  7:43  Zerg Missile Weapons Level 1  
  90  7:45  Spire, Overseer  
  90  7:48  Spore Crawler  
  88  7:53  Drone  
  88  7:54  Drone  
  88  7:55  Drone  
  88  7:57  Drone  
  92  8:01  Queen  
  92  8:03  Drone  
  92  8:05  Overlord  
  93  8:07  Drone  
  93  8:12  Extractor  
  93  8:13  Drone  
  93  8:14  Overlord, Extractor, Drone  
  93  8:16  Drone x2  
  93  8:19  Overseer  
  96  8:20  Drone  
  96  8:21  Drone  
  96  8:23  Drone  
  99  8:28  Overlord  
  99  8:30  Drone  
  99  8:32  Overlord  
  100  8:34  Drone x2  
  100  8:36  Overlord  
  100  8:40  Overlord  
  102  8:44  Drone x3  
  105  8:49  Drone x2  
  105  8:52  Infestation Pit  
  102  8:59  Mutalisk x2  
  102  9:04  Mutalisk x2  
  102  9:06  Mutalisk  
  105  9:10  Ravager  
  105  9:12  Mutalisk x2  
  105  9:14  Mutalisk  
  107  9:22  Roach x3  
  107  9:23  Roach  
  115  9:27  Roach x2  
  115  9:31  Roach x2  
  123  9:34  Roach  
  123  9:36  Roach x2  
  129  9:39  Roach  
  129  9:41  Zerg Missile Weapons Level 2  
  129  9:47  Roach  
  129  9:48  Roach x2  
  129  9:52  Ravager x3  
  138  9:56  Roach  
  138  9:57  Roach x2  
  144  10:00  Roach  
  144  10:01  Overlord x2  
  144  10:04  Overlord  
  138  10:15  Roach x4  
  137  10:24  Ravager  
  137  10:25  Roach x5  
  137  10:26  Ravager  
  137  10:28  Queen x2, Ravager  
  150  10:34  Roach x2  
  158  10:37  Roach x2  
  158  10:39  Overlord  
  146  10:45  Roach  
  146  10:46  Roach x3  
  135  10:53  Drone  
  135  10:54  Roach x2  
  135  10:55  Hydralisk Den  
  135  10:56  Corruptor  
  136  10:57  Corruptor  
  138  11:07  Corruptor x2  
  138  11:12  Roach x2  
  138  11:25  Hatchery  
  137  11:26  Roach  
  137  11:27  Roach x2  
  137  11:30  Overseer  
  143  11:33  Roach x3  
  143  11:36  Roach  
  155  11:40  Roach x2  
  155  11:44  Roach  
  155  11:45  Roach x2  
  161  11:48  Overlord  
  161  11:54  Roach x2  
  165  12:00  Roach x3  
  169  12:01  Overlord  
  167  12:14  Ravager x5  
  167  12:15  Zergling x12  
  176  12:18  Zergling x4  
  176  12:21  Roach  
  180  12:23  Ravager  
  180  12:24  Ravager  
  180  12:27  Roach  
  182  12:32  Roach x2  
  157  12:49  Roach x5  
  157  12:50  Roach x2  
  166  12:56  Roach  
  166  12:57  Roach x3  
  156  13:00  Roach x2  
  154  13:06  Overlord x2  
  154  13:07  Overlord  
  154  13:10  Ravager  
  154  13:11  Ravager x4  
  154  13:17  Roach  
  154  13:18  Roach x3  
  139  13:21  Roach x2  
  139  13:28  Roach x3  
Show
View Real Time Build Order
Export as new Build Order

Bunny Terran 

Build Orders: Reaper Expand, Hellion Banshee, Mech 

Get SALT Encoding   

  12  0:00  SCV  
  13  0:12  SCV  
  14  0:17  Supply Depot  
  14  0:25  SCV  
  15  0:38  SCV  
  15  0:40  Barracks  
  16  0:43  Refinery  
  16  0:50  SCV  
  17  1:02  SCV  
  18  1:14  SCV  
  19  1:27  Reaper, Orbital Command  
  20  1:38  Command Center  
  20  1:48  Supply Depot  
  20  1:52  SCV  
  21  1:59  Marine  
  22  2:04  SCV  
  22  2:06  Factory  
  23  2:11  Refinery  
  23  2:16  SCV  
  23  2:20  Barracks Reactor  
  24  2:28  SCV  
  25  2:41  SCV  
  26  2:50  Orbital Command, Starport  
  26  2:53  SCV  
  27  3:00  Hellion  
  27  3:01  Hellion  
  27  3:05  Barracks Tech Lab, SCV  
  32  3:16  SCV  
  32  3:17  Supply Depot, SCV  
  34  3:21  Hellion  
  34  3:22  Hellion  
  38  3:28  SCV  
  38  3:29  SCV  
  38  3:32  Cloaking Field, Medivac  
  42  3:40  SCV  
  43  3:41  SCV  
  43  3:42  Hellion  
  43  3:43  Hellion  
  43  3:46  Supply Depot  
  48  3:52  SCV  
  48  3:53  SCV  
  50  4:02  Banshee  
  53  4:04  SCV  
  53  4:08  SCV, Hellion x2  
  59  4:11  Supply Depot  
  59  4:16  SCV  
  60  4:19  Armory  
  60  4:20  SCV  
  61  4:28  Command Center  
  61  4:30  SCV  
  61  4:34  Hellion  
  61  4:37  Hellion  
  65  4:45  Banshee  
  68  4:48  SCV x2  
  68  4:56  Refinery x2  
  68  5:00  SCV x2  
  68  5:01  Supply Depot  
  68  5:02  Supply Depot  
  70  5:13  Factory x2  
  70  5:17  Supply Depot  
  70  5:23  SCV x2  
  70  5:28  Banshee  
  75  5:29  Hellion x2  
  75  5:34  Barracks Tech Lab  
  79  5:36  SCV x2  
  79  5:42  Orbital Command  
  78  5:48  SCV x2  
  80  5:50  Hellion x2  
  80  5:56  Terran Vehicle Weapons Level 1  
  85  6:04  SCV x2  
  85  6:10  Siege Tank  
  85  6:11  Banshee  
  92  6:13  Hellbat x2  
  92  6:15  Orbital Command  
  92  6:18  Factory Tech Lab  
  96  6:23  Supply Depot, SCV x2  
  96  6:24  Supply Depot  
  97  6:36  Supply Depot x2  
  97  6:37  Supply Depot  
  93  6:44  Siege Tank, Hellbat x2  
  93  6:45  Siege Tank  
  86  7:04  SCV x2  
  86  7:05  SCV  
  86  7:06  Hellbat x2  
  77  7:16  SCV x2  
  77  7:17  SCV  
  73  7:24  Siege Tank x2  
  73  7:28  SCV x2  
  77  7:31  Starport Reactor, SCV  
  77  7:36  Refinery  
  78  7:37  Refinery  
  78  7:40  Engineering Bay, SCV x2  
  78  7:43  SCV  
  81  7:46  Hellbat x2  
  85  7:52  SCV  
  85  7:53  Terran Vehicle Weapons Level 2, SCV  
  85  7:55  SCV  
  88  8:00  Hellion x4  
  88  8:04  Thor  
  91  8:13  SCV x3, Refinery  
  91  8:14  Supply Depot, Refinery  
  91  8:16  Hellbat  
  96  8:25  Viking x2, SCV  
  96  8:26  SCV x2  
  103  8:37  Siege Tank, SCV  
  103  8:38  Hellbat x2  
  103  8:41  SCV x2  
  106  8:48  Hellbat  
  106  8:49  SCV  
  106  8:53  SCV x2  
  107  8:57  Missile Turret  
  107  8:59  Hellbat  
  107  9:01  Viking, SCV  
  107  9:02  Viking  
  114  9:05  SCV x2  
  116  9:17  Factory x2  
  116  9:19  Siege Tank  
  119  9:28  Siege Tank  
  123  9:31  SCV x3  
  123  9:35  Hellbat x2  
  129  9:43  Supply Depot  
  129  9:45  SCV  
  129  9:46  Missile Turret, SCV x2  
  129  9:51  Viking  
  138  10:03  Thor  
  138  10:05  Missile Turret  
  128  10:10  Viking  
  99  10:23  SCV x2  
  99  10:25  Orbital Command  
  95  10:31  Hellbat x2  
  95  10:33  Siege Tank  
  95  10:44  Siege Tank  
  95  10:46  Siege Tank  
  85  10:52  Factory Reactor  
  72  10:59  Hellbat  
  72  11:03  SCV  
  72  11:05  Siege Tank  
  70  11:14  Hellbat  
  70  11:15  SCV  
  70  11:16  Hellbat  
  75  11:20  SCV x2  
  77  11:28  Siege Tank  
  77  11:32  Hellbat  
  82  11:36  Hellbat  
  84  11:44  Terran Vehicle And Ship Armor Level 1, SCV x2  
  86  11:49  Hellbat  
  86  11:53  Siege Tank  
  91  11:59  Hellbat x2  
  91  12:03  Hellbat, Hellion x7  
  93  12:09  Siege Tank  
  93  12:14  Missile Turret  
  93  12:15  Siege Tank  
  101  12:23  Sensor Tower, Hellbat  
  101  12:38  Hellbat x2  
  101  12:42  Siege Tank  
  87  12:46  Hellion  
  87  12:49  Hellion  
  80  12:53  Hellbat  
  61  13:00  Hellion  
  61  13:04  Hellion x5  
  52  13:06  Hellbat  
  54  13:19  Hellbat  
  61  13:27  Hellbat x2  

Tags
 
Add a new tag
Caveats
  • Supply blocks, unpowered buildings, or Contaminate may cause inaccurate times.
  • Supply counts are checked every 10 seconds.